[Event "Titled Tuesday Blitz February 01 A 2022"]
[White "Dronavalli, Harika"]
[Black "Le Ruyet, Leopold"]
[WhiteFideId "5015197"]
[BlackFideId "645923"]
[WhiteElo "2382"]
[BlackElo "2276"]
[Result "1-0"]
[Round "10"]
[TimeControl "180+1"]
[Date "2022.02.01"]
[WhiteClock "0:00:45"]
[BlackClock "0:00:10"]

1. d4 d5 2. c4 dxc4 3. Nf3 c6 4. e3 Be6 5. a4 b5 6. Ng5 Bd5 7. e4 h6 8. exd5 hxg5 9. dxc6 Nxc6 10. d5 Ne5 11. axb5 Nf6 12. Nc3 g4 13. Bf4 Ng6 14. Bg3 Qc8 15. Qa4 e5 16. b6+ Nd7 17. Bxc4 Bc5 18. Ba6 Qd8 19. b7 Rb8 20. Ne4 O-O 21. Rc1 Bd4 22. Rc8 Qe7 23. d6 Qe6 24. O-O Nb6 25. Rxf8+ Nxf8 26. Qc6 Nfd7 27. Rc1 f5 28. Ng5 Qa2 29. Bc4+ Nxc4 30. Qc8+ Rxc8 31. bxc8=Q+ Nf8 32. Qxc4+ 1-0


[Site "https://www.chess.com"]

[Event "Titled Tuesday Blitz February 01 A 2022"]
[White "Hayrapetyan, Hovik"]
[Black "Maksimovic, Bojan"]
[WhiteFideId "13302639"]
[BlackFideId "14408120"]
[WhiteElo "2352"]
[BlackElo "2450"]
[Result "1-0"]
[Round "10"]
[TimeControl "180+1"]
[Date "2022.02.01"]
[WhiteClock "0:00:58"]
[BlackClock "0:00:10"]

1. d4 d5 2. c4 e5 3. dxe5 d4 4. Nf3 Nc6 5. Bg5 Be7 6. h4 Bg4 7. Nbd2 f6 8. exf6 Nxf6 9. g3 h6 10. Bxf6 Bxf6 11. Bg2 O-O 12. O-O Qe7 13. Qb3 Rab8 14. Rfe1 Kh8 15. Rad1 Na5 16. Qa4 b6 17. b4 Nb7 18. Qxa7 Qxb4 19. Ne4 Bxf3 20. Bxf3 Be5 21. Qa6 Qe7 22. Qb5 Nd6 23. Nxd6 Bxd6 24. Qh5 Bc5 25. Qg4 Rbe8 26. Kg2 Qf7 27. Rc1 Re5 28. Red1 h5 29. Qf4 Qxf4 30. gxf4 Rxf4 31. Kg3 Ref5 32. a4 Bd6 33. Kg2 Rxh4 34. Rh1 Rxh1 35. Rxh1 g6 36. Rh4 Be5 37. Be4 Rg5+ 38. Kf1 Bf6 39. Rf4 Kg7 40. c5 Rxc5 41. Bd3 Rc1+ 42. Kg2 Ra1 43. Bb5 c5 44. Re4 Rc1 45. Re6 c4 46. Rxb6 c3 47. Rc6 Ra1 48. Rc7+ Kh6 49. Rc6 Kg7 50. Rc7+ Kh6 51. Rc6 Kg5 52. Rc5+ Kf4 53. Rc6 Kf5 54. Bd3+ Kg5 55. Rc5+ Kh6 56. a5 h4 57. a6 Ra2 58. Rc6 Kg5 59. Rc5+ Kh6 60. Kh3 Ra1 61. Rc6 Kg5 62. Rc5+ Kh6 63. Rc7 Rh1+ 64. Kg2 Ra1 65. a7 Bd8 66. Rb7 g5 67. Rh7# 1-0


[Site "https://www.chess.com"]

[Event "Titled Tuesday Blitz February 01 A 2022"]
[White "Jobava, Baadur"]
[Black "Dobrov, Vladimir"]
[WhiteFideId "13601520"]
[BlackFideId "4136594"]
[WhiteElo "2617"]
[BlackElo "2614"]
[Result "1-0"]
[Round "10"]
[TimeControl "180+1"]
[Date "2022.02.01"]
[WhiteClock "0:00:07"]
[BlackClock "0:01:18"]

1. b3 d5 2. Bb2 f6 3. d4 c5 4. e3 Nc6 5. Nf3 cxd4 6. exd4 Bg4 7. Be2 e6 8. O-O Bd6 9. c4 Nge7 10. Nc3 Qd7 11. Re1 O-O 12. h3 Bh5 13. a3 Rad8 14. c5 Bb8 15. b4 a6 16. Nd2 Bf7 17. Nb3 e5 18. b5 axb5 19. Nxb5 e4 20. a4 f5 21. Ba3 f4 22. Bg4 Be6 23. Nd6 Nf5 24. Ra2 f3 25. g3 Nxd6 26. cxd6 Bxg4 27. Nc5 Qf5 28. hxg4 Qxg4 29. Re3 Rxd6 30. Nxe4 Rh6 31. Ng5 Bxg3 32. Qxf3 Bd6+ 33. Qxg4 1-0


[Site "https://www.chess.com"]

[Event "Titled Tuesday Blitz February 01 A 2022"]
[White "Kamsky, Gata"]
[Black "Arabidze, Meri"]
[WhiteFideId "2000024"]
[BlackFideId "13604040"]
[WhiteElo "2645"]
[BlackElo "2329"]
[Result "1/2-1/2"]
[Round "10"]
[TimeControl "180+1"]
[Date "2022.02.01"]
[WhiteClock "0:00:41"]
[BlackClock "0:00:15"]

1. d4 Nf6 2. Nf3 e6 3. Bf4 d5 4. e3 Bd6 5. Nbd2 O-O 6. c3 c5 7. Bd3 Nc6 8. Bg3 b6 9. Qe2 Bb7 10. Rd1 h6 11. Ne5 Qc7 12. f4 Ne7 13. Qf3 Nf5 14. Bf2 Be7 15. g4 Nd6 16. g5 hxg5 17. fxg5 Nfe4 18. h4 f6 19. Ng6 fxg5 20. Qh5 Rxf2 21. Bxe4 Nxe4 22. Nxe4 Rf5 23. Nxe7+ Qxe7 24. Nxg5 Qf6 25. Kd2 Rf2+ 26. Kc1 Qf5 27. Rd2 Rxd2 28. Kxd2 Qf2+ 29. Qe2 Qxe2+ 30. Kxe2 Re8 31. Nf3 Ba6+ 32. Kf2 Bd3 33. Ne5 Be4 34. Rg1 Rf8+ 35. Ke2 Rf6 36. Rg5 cxd4 37. cxd4 Kh7 38. Rg4 Rh6 39. Kd2 Rf6 40. Ke2 Rf8 41. Rf4 Rc8 42. Rf7 Rc2+ 43. Ke1 Rxb2 44. Rxa7 Rb1+ 45. Kf2 Rb2+ 46. Kg3 Re2 47. Kf4 Rf2+ 48. Kg5 Rg2+ 49. Kf4 Rf2+ 50. Kg3 Rg2+ 51. Kf4 Rf2+ 1/2-1/2


[Site "https://www.chess.com"]

[Event "Titled Tuesday Blitz February 01 A 2022"]
[White "Kopylov, Alexander A."]
[Black "Tregubov, Pavel V."]
[WhiteFideId "4164857"]
[BlackFideId "4115341"]
[WhiteElo "2436"]
[BlackElo "2341"]
[Result "1/2-1/2"]
[Round "10"]
[TimeControl "180+1"]
[Date "2022.02.01"]
[WhiteClock "0:00:17"]
[BlackClock "0:00:05"]

1. d4 Nf6 2. Nf3 c5 3. e3 d5 4. a3 e6 5. Be2 Nc6 6. O-O Be7 7. dxc5 Bxc5 8. b4 Be7 9. Bb2 O-O 10. c4 dxc4 11. Bxc4 b6 12. Nd4 Bb7 13. Nxc6 Bxc6 14. Nc3 Rc8 15. Qe2 Qc7 16. Ba6 Bb7 17. Rac1 Qb8 18. h3 Rfd8 19. e4 h6 20. e5 Nd5 21. Bxb7 Qxb7 22. Nxd5 Rxd5 23. Rfd1 Rxc1 24. Rxc1 Qd7 25. Qc2 Rd2 26. Qc8+ Qxc8 27. Rxc8+ Kh7 28. Bc1 Re2 29. Be3 Bg5 30. Kf1 Ra2 31. f4 Bh4 32. Rc7 Rxa3 33. Ke2 Kg6 34. Kf3 Be1 35. Ke4 Bxb4 36. g4 f5+ 37. exf6 gxf6 38. f5+ exf5+ 39. gxf5+ Kh5 40. Rh7 Kh4 41. Rxh6+ Kg3 42. Rxf6 Kxh3 43. Rg6 Ra4 44. Kd5 Ra5+ 45. Ke6 Ra1 46. Bd4 Re1+ 47. Kd5 a5 48. Rxb6 Rf1 49. f6 Kg4 50. Rb7 Kg5 51. Rg7+ Kh6 52. Be3+ Kh5 53. Rg5+ Kh4 54. Rg6 Kh5 55. Rh6+ Kg4 56. Ke4 Re1 57. Rg6+ Kh5 58. Rg5+ Kh4 59. Rd5 a4 60. Rd4 Bc5 61. Rxa4 Rxe3+ 62. Kd5+ Kg5 63. Kxc5 Kxf6 64. Kd4 Rh3 65. Ra6+ Kf5 66. Ra5+ Kf4 67. Ra7 Rh1 68. Rf7+ Kg5 69. Ke3 Re1+ 70. Kf2 Re6 71. Rf8 Rf6+ 72. Rxf6 Kxf6 1/2-1/2


[Site "https://www.chess.com"]

[Event "Titled Tuesday Blitz February 01 A 2022"]
[White "Kosteniuk, Alexandra"]
[Black "Wieczorek, Oskar"]
[WhiteFideId "4128125"]
[BlackFideId "1133950"]
[WhiteElo "2469"]
[BlackElo "2319"]
[Result "1/2-1/2"]
[Round "10"]
[TimeControl "180+1"]
[Date "2022.02.01"]
[WhiteClock "0:00:11"]
[BlackClock "0:00:10"]

1. f4 a5 2. Nf3 b5 3. e4 b4 4. d4 Bb7 5. Bd3 e6 6. O-O Nf6 7. e5 Nd5 8. c4 bxc3 9. bxc3 c5 10. f5 Be7 11. Qe1 cxd4 12. cxd4 Nb4 13. Be4 Bxe4 14. Qxe4 N8c6 15. Nc3 Qb6 16. Be3 O-O 17. f6 gxf6 18. exf6 Bxf6 19. d5 Qd8 20. dxc6 Bxc3 21. Rac1 Bg7 22. c7 Qc8 23. Bc5 Re8 24. Bd6 Ra6 25. Rfd1 Nd5 26. Bg3 f5 27. Qh4 Rc6 28. Rxc6 dxc6 29. Rc1 Qd7 30. Qc4 Rc8 31. Qxc6 Qxc6 32. Rxc6 f4 33. Bf2 Rxc7 34. Rxc7 Nxc7 35. Bb6 Nd5 36. Bxa5 e5 37. Nd2 Kf7 38. a4 Ke6 39. Ne4 Kf5 40. Nd6+ Ke6 41. Ne4 Kf5 42. Nd6+ Ke6 43. Nb5 e4 44. Be1 e3 45. Kf1 Kf5 46. Ke2 Ke4 47. Nd6+ Ke5 48. Nb5 Ke4 49. a5 Be5 50. a6 Nb6 51. a7 Na8 52. Bc3 Bxc3 53. Nxc3+ Kd4 54. Nd1 Kc5 55. Kf3 Kb6 56. Nc3 Kxa7 57. Kxf4 Nb6 58. Kxe3 Kb7 59. Kf4 Kc7 60. Kf5 Kd6 61. Kf6 Nc4 62. Ne4+ Kd5 63. Ng5 Ne3 64. g3 Ng4+ 65. Kf5 Nxh2 66. Nxh7 Nf1 67. Nf6+ Kd4 68. Kf4 Nxg3 1/2-1/2


[Site "https://www.chess.com"]

[Event "Titled Tuesday Blitz February 01 A 2022"]
[White "Lin, Dachey"]
[Black "Wagner, Dennis"]
[WhiteFideId "2029650"]
[BlackFideId "24650684"]
[WhiteElo "2679"]
[BlackElo "2355"]
[Result "1-0"]
[Round "10"]
[TimeControl "180+1"]
[Date "2022.02.01"]
[WhiteClock "0:00:34"]
[BlackClock "0:00:20"]

1. g4 e5 2. d4 e4 3. c4 c6 4. d5 Bb4+ 5. Nc3 d6 6. g5 Bxc3+ 7. bxc3 Qa5 8. Qd4 Ne7 9. Bd2 O-O 10. Qxe4 Na6 11. Qxe7 cxd5 12. Bg2 dxc4 13. Qxd6 Rd8 14. Qf4 Nc5 15. Nf3 Be6 16. O-O Bd5 17. Nd4 Bxg2 18. Kxg2 Re8 19. Rfb1 a6 20. Rb4 b5 21. Be3 Ne4 22. a4 Nxc3 23. Nc6 Nxe2 24. Nxa5 Nxf4+ 25. Bxf4 Rac8 26. axb5 axb5 27. Rxb5 c3 28. Rc1 Re4 29. Rxc3 Rce8 30. Be3 h6 31. gxh6 gxh6 32. Rc4 Kh7 33. Rxe4 Rxe4 34. Nc6 Kg6 35. Nd4 Rg4+ 36. Kf3 Rg1 37. h4 f6 38. h5+ Kf7 39. Rb7+ Ke8 40. Bxh6 Kd8 41. Rg7 Rh1 42. Kg4 Rg1+ 43. Kf5 Rh1 44. Kg6 Rg1+ 45. Kxf6 Rh1 46. Kg6 Rg1+ 47. Bg5+ Ke8 48. Re7+ Kf8 49. Ne6+ Kg8 50. Re8# 1-0


[Site "https://www.chess.com"]

[Event "Titled Tuesday Blitz February 01 A 2022"]
[White "Molina, Roberto Junio Brito"]
[Black "Vovk, Orest"]
[WhiteFideId "2109450"]
[BlackFideId "14113490"]
[WhiteElo "2402"]
[BlackElo "2203"]
[Result "1-0"]
[Round "10"]
[TimeControl "180+1"]
[Date "2022.02.01"]
[WhiteClock "0:01:08"]
[BlackClock "0:00:01"]

1. d4 e5 2. dxe5 Nc6 3. Nf3 Qe7 4. e4 Nxe5 5. Nc3 Nf6 6. Nxe5 Qxe5 7. f4 Qa5 8. Bd3 d5 9. e5 d4 10. exf6 dxc3 11. Qe2+ Be6 12. b4 Qxb4 13. f5 O-O-O 14. fxe6 Qh4+ 15. Qf2 Qxf6 16. Qxf6 gxf6 17. exf7 Bc5 18. Rf1 Rd6 19. Bh6 Re6+ 20. Kd1 Rd8 21. f8=B Bd4 22. Bf5 Be3+ 23. Ke2 1-0


[Site "https://www.chess.com"]

[Event "Titled Tuesday Blitz February 01 A 2022"]
[White "Musovic, Armin"]
[Black "Visakh N R"]
[WhiteFideId "939935"]
[BlackFideId "25012223"]
[WhiteElo "2250"]
[BlackElo "2454"]
[Result "0-1"]
[Round "10"]
[TimeControl "180+1"]
[Date "2022.02.01"]
[WhiteClock "0:01:03"]
[BlackClock "0:01:50"]

1. a3 a6 2. Nc3 Nc6 3. e4 e5 4. Nf3 Nf6 5. d4 exd4 6. Nd5 Be7 7. Bc4 O-O 8. O-O b5 9. Ba2 Bb7 10. Nxd4 Nxd4 11. Qxd4 Nxd5 12. exd5 Bf6 13. Qd3 d6 14. c3 Bc8 15. Bf4 g6 16. Bh6 Re8 17. Rfe1 Bf5 18. Qf3 Be5 19. g4 Qh4 20. gxf5 Qxh2+ 21. Kf1 Qxh6 22. Bb1 Kg7 23. Re4 Qc1+ 24. Re1 Qxb2 25. Be4 Qxc3 26. Qg4 Qc4+ 27. Kg2 Bxa1 28. fxg6 hxg6 0-1


[Site "https://www.chess.com"]

[Event "Titled Tuesday Blitz February 01 A 2022"]
[White "Nakamura, Hikaru"]
[Black "Le, Tuan Minh"]
[WhiteFideId "2016192"]
[BlackFideId "12401153"]
[WhiteElo "2850"]
[BlackElo "2450"]
[Result "1-0"]
[Round "10"]
[TimeControl "180+1"]
[Date "2022.02.01"]
[WhiteClock "0:00:20"]
[BlackClock "0:00:02"]

1. e4 c5 2. Nf3 Nf6 3. e5 Nd5 4. Nc3 e6 5. Nxd5 exd5 6. d4 Nc6 7. dxc5 Bxc5 8. Qxd5 d6 9. exd6 Qb6 10. Be3 Bxe3 11. fxe3 Be6 12. d7+ Bxd7 13. Qe4+ Be6 14. O-O-O Qc5 15. Nd4 O-O 16. Bd3 g6 17. Nxe6 fxe6 18. Qxe6+ Kg7 19. Rhf1 Rae8 20. Qb3 Qxe3+ 21. Kb1 Rxf1 22. Bxf1 Qd2 23. Qd3 Qxd3 24. Bxd3 Re7 25. a3 Ne5 26. Be2 h5 27. h3 b6 28. b4 h4 29. c4 Kh6 30. Kc2 Kg5 31. Rd4 Nc6 32. Rg4+ Kf6 33. Bd3 g5 34. Re4 Rd7 35. Kc3 Ne5 36. Bc2 Ng6 37. Rd4 Re7 38. Rd6+ 1-0


[Site "https://www.chess.com"]

[Event "Titled Tuesday Blitz February 01 A 2022"]
[White "Narayanan.S.L"]
[Black "Martinez Alcantara, Jose Eduardo"]
[WhiteFideId "5058422"]
[BlackFideId "3805662"]
[WhiteElo "2494"]
[BlackElo "2690"]
[Result "1/2-1/2"]
[Round "10"]
[TimeControl "180+1"]
[Date "2022.02.01"]
[WhiteClock "0:00:28"]
[BlackClock "0:00:12"]

1. d4 Nf6 2. c4 e6 3. Nf3 Bb4+ 4. Bd2 Qe7 5. g3 Bxd2+ 6. Qxd2 Nc6 7. Nc3 d5 8. Bg2 O-O 9. O-O dxc4 10. Ne5 Nxe5 11. dxe5 Nd7 12. f4 Rb8 13. Qe3 Qc5 14. Qxc5 Nxc5 15. Nb5 a6 16. Nd4 Na4 17. b3 cxb3 18. axb3 Nb6 19. Rfc1 c6 20. Kf2 Rd8 21. Nc2 Bd7 22. Nb4 Kf8 23. Nd3 Ke7 24. Nc5 Be8 25. h4 Nd5 26. Be4 h6 27. Bd3 Nc7 28. Ne4 Bd7 29. Nd6 Ne8 30. Ne4 f6 31. Ke3 Nc7 32. Nd6 Rf8 33. Rf1 b6 34. Be4 c5 35. Rfc1 a5 36. Rd1 fxe5 37. fxe5 Nd5+ 38. Bxd5 exd5 39. Rxd5 Be6 40. Rd3 Rfd8 41. Rad1 Ra8 42. h5 Rd7 43. g4 a4 44. bxa4 Bxg4 45. Rg1 Rxa4 46. Nc8+ Kd8 47. Nxb6 Rxd3+ 48. exd3 Rb4 49. Nc4 Be6 50. Rxg7 Bxc4 51. dxc4 Rxc4 52. Rh7 Rh4 53. e6 Ke8 54. Rxh6 Ke7 55. Kd3 Rd4+ 56. Kc3 Rh4 57. Rh8 Kxe6 58. h6 Kf7 59. h7 Kg7 60. Rc8 Rh5 61. Rc7+ Kh8 62. Kc4 Rh4+ 63. Kxc5 Rc4+ 64. Kxc4 1/2-1/2


[Site "https://www.chess.com"]

[Event "Titled Tuesday Blitz February 01 A 2022"]
[White "Nesterov, Arseniy"]
[Black "Bacrot, Etienne"]
[WhiteFideId "24198455"]
[BlackFideId "605506"]
[WhiteElo "2489"]
[BlackElo "2673"]
[Result "1-0"]
[Round "10"]
[TimeControl "180+1"]
[Date "2022.02.01"]
[WhiteClock "0:01:14"]
[BlackClock "0:01:07"]

1. d4 Nf6 2. c4 c5 3. d5 b5 4. Qc2 bxc4 5. e4 e6 6. Nc3 exd5 7. e5 d4 8. exf6 Qxf6 9. Nd5 Qe6+ 10. Qe2 Bd6 11. Bf4 Bxf4 12. Nxf4 Qxe2+ 13. Bxe2 Ba6 14. Rc1 d3 15. f3 dxe2 16. Ngxe2 Nc6 17. Nd5 O-O-O 18. Kf2 Rhe8 19. Nec3 Nb4 20. Nxb4 cxb4 21. Nd5 Kb7 22. Nxb4 d5 23. Rhd1 c3 24. Nxa6 cxb2 25. Nc5+ Kc6 26. Rc2 1-0


[Site "https://www.chess.com"]

[Event "Titled Tuesday Blitz February 01 A 2022"]
[White "Nogerbek, Kazybek"]
[Black "Murzin, Volodar"]
[WhiteFideId "13710427"]
[BlackFideId "44155573"]
[WhiteElo "2478"]
[BlackElo "2585"]
[Result "1-0"]
[Round "10"]
[TimeControl "180+1"]
[Date "2022.02.01"]
[WhiteClock "0:01:15"]
[BlackClock "0:00:04"]

1. e4 c6 2. Nf3 d5 3. d3 Qc7 4. Nc3 dxe4 5. Nxe4 e5 6. d4 Bf5 7. Ng3 Bg4 8. dxe5 Bxf3 9. Qxf3 Qxe5+ 10. Qe4 Bd6 11. Be3 Nf6 12. Qxe5+ Bxe5 13. O-O-O Ng4 14. Bd4 O-O 15. Be2 Bxd4 16. Rxd4 Nf6 17. Rhd1 Re8 18. Bf3 g6 19. Rb4 Re7 20. Rd8+ Kg7 21. a4 h5 22. a5 Na6 23. Rxb7 Rxb7 24. Rxa8 Rc7 25. Ne2 1-0


[Site "https://www.chess.com"]

[Event "Titled Tuesday Blitz February 01 A 2022"]
[White "Pakleza, Zbigniew"]
[Black "Vantika, Agrawal"]
[WhiteFideId "1119290"]
[BlackFideId "25050389"]
[WhiteElo "2467"]
[BlackElo "2075"]
[Result "1-0"]
[Round "10"]
[TimeControl "180+1"]
[Date "2022.02.01"]
[WhiteClock "0:00:05"]
[BlackClock "0:00:01"]

1. d4 Nf6 2. Nf3 d5 3. Bf4 c5 4. c3 Nc6 5. Nbd2 Nh5 6. Be5 f6 7. Bg3 cxd4 8. cxd4 Qb6 9. Qb3 Nxg3 10. hxg3 e6 11. e3 Bd7 12. Bd3 Qxb3 13. Nxb3 h6 14. a3 O-O-O 15. Ke2 Kb8 16. Rhc1 Bd6 17. Nc5 e5 18. Nxd7+ Rxd7 19. Bb5 Rc7 20. Rc3 Ne7 21. Rxc7 Bxc7 22. Rc1 a6 23. Ba4 h5 24. Bb3 Rd8 25. Rh1 g6 26. Rd1 Nf5 27. dxe5 fxe5 28. Bxd5 Ne7 29. Be4 Rxd1 30. Kxd1 Bd6 31. Ng5 Kc7 32. Nf7 b5 33. Nh8 g5 34. Nf7 g4 35. Kc2 a5 36. Nxd6 Kxd6 37. b4 axb4 38. axb4 Kc7 39. Kc3 Kd6 40. f3 Ke6 41. f4 Nc8 42. Bg6 Nd6 43. Kd3 Kf6 44. Bxh5 Nf5 45. Bxg4 Nxg3 46. Bf3 Kf5 47. fxe5 Kxe5 48. Bc6 Nf5 49. Bxb5 Nh4 50. Bc6 1-0


[Site "https://www.chess.com"]

[Event "Titled Tuesday Blitz February 01 A 2022"]
[White "Postny, Evgeny"]
[Black "Sasikiran, Krishnan"]
[WhiteFideId "2804344"]
[BlackFideId "5004985"]
[WhiteElo "2483"]
[BlackElo "2572"]
[Result "0-1"]
[Round "10"]
[TimeControl "180+1"]
[Date "2022.02.01"]
[WhiteClock "0:00:02"]
[BlackClock "0:00:11"]

1. d4 Nf6 2. Nf3 e6 3. Bg5 h6 4. Bxf6 Qxf6 5. e4 d6 6. Bd3 Nd7 7. O-O e5 8. c3 g6 9. Nbd2 Bg7 10. Re1 O-O 11. a4 a5 12. Qc2 Qe7 13. Nc4 Re8 14. Rad1 Nf8 15. h3 Bd7 16. Bf1 b6 17. dxe5 dxe5 18. Ncxe5 Bxe5 19. Nxe5 Qxe5 20. Rd4 Bc6 21. Qd2 g5 22. Bc4 Ne6 23. Bxe6 Qxe6 24. f4 Qe7 25. e5 Rad8 26. f5 f6 27. e6 Qc5 28. Qf2 Rd5 29. g4 Kf8 30. Red1 Red8 31. h4 Rxd4 32. cxd4 Qd5 33. Kh2 Ke7 34. Rc1 Qd6+ 35. Kh3 Bxa4 36. d5 Bb3 37. Rc6 Qe5 38. Qg3 Qxg3+ 39. Kxg3 Bxd5 40. Rxc7+ Kd6 41. Rh7 Bxe6 42. fxe6 Kxe6 43. Rxh6 Rd3+ 44. Kf2 gxh4 45. g5 Rb3 46. Rxf6+ Ke5 47. Kg2 b5 48. Kh2 a4 49. Rf2 Rg3 50. Re2+ Kd5 51. Rd2+ Kc5 52. Rg2 Kd6 53. Rxg3 hxg3+ 54. Kxg3 b4 55. Kf4 a3 56. g6 Ke7 57. bxa3 bxa3 0-1


[Site "https://www.chess.com"]

[Event "Titled Tuesday Blitz February 01 A 2022"]
[White "Rustemov, Alexander"]
[Black "Svane, Rasmus"]
[WhiteFideId "4119002"]
[BlackFideId "4657101"]
[WhiteElo "2796"]
[BlackElo "2645"]
[Result "0-1"]
[Round "10"]
[TimeControl "180+1"]
[Date "2022.02.01"]
[WhiteClock "0:00:02"]
[BlackClock "0:00:06"]

1. d4 Nf6 2. c4 e6 3. Nf3 d5 4. cxd5 exd5 5. Bg5 c6 6. Nc3 Be7 7. Qc2 g6 8. e3 Bf5 9. Bd3 Bxd3 10. Qxd3 Nbd7 11. O-O O-O 12. Rab1 a5 13. a3 Re8 14. Rfc1 Ne4 15. Bxe7 Qxe7 16. Nd2 Nd6 17. h3 Kg7 18. Na4 Rec8 19. Nc5 Nf6 20. b4 a4 21. Qc2 Nb5 22. Ra1 Ra7 23. Nxa4 Qc7 24. Nc3 Nxa3 25. Rxa3 Rxa3 26. Nb5 cxb5 27. Qxc7 Rxc7 28. Rxc7 Ra1+ 29. Kh2 Ra2 30. Nf3 Rxf2 31. Rxb7 Ne4 32. Rxb5 Nc3 33. Rb7 Nd1 34. Kg1 Rb2 35. Ne5 Nxe3 36. g4 Nc2 37. b5 Nxd4 38. b6 Kf6 39. Nxf7 Nf3+ 40. Kf1 d4 41. Nd6 Nd2+ 42. Ke1 d3 43. Rb8 Nf3+ 44. Kf1 Nh2+ 45. Kg1 Nf3+ 46. Kf1 Nh2+ 47. Kg1 d2 48. Ne4+ Kg7 49. Nxd2 Rxd2 50. b7 Rb2 51. Rc8 Nf3+ 52. Kf1 Rxb7 53. Kf2 Ng5 54. h4 Ne4+ 55. Kf3 Nf6 56. g5 Rb3+ 57. Kf4 Rb4+ 58. Ke5 Re4+ 59. Kd6 Nh5 60. Rc7+ Kg8 61. Rc8+ Kf7 62. Rc7+ Kf8 63. Rc8+ Re8 64. Rc7 Ng7 65. Kd5 Re7 66. Rc8+ Ne8 0-1


[Site "https://www.chess.com"]

[Event "Titled Tuesday Blitz February 01 A 2022"]
[White "Sadhwani, Raunak"]
[Black "Vokhidov, Shamsiddin"]
[WhiteFideId "35093487"]
[BlackFideId "14204223"]
[WhiteElo "2616"]
[BlackElo "2611"]
[Result "0-1"]
[Round "10"]
[TimeControl "180+1"]
[Date "2022.02.01"]
[WhiteClock "0:00:13"]
[BlackClock "0:01:13"]

1. d4 Nf6 2. Nf3 d5 3. Bf4 c5 4. e3 Nc6 5. Nbd2 Nh5 6. Be5 f6 7. Bg3 e6 8. c3 g6 9. Be2 cxd4 10. cxd4 Be7 11. O-O O-O 12. Rc1 Bd7 13. a3 Nxg3 14. hxg3 Rc8 15. b4 a5 16. b5 Na7 17. a4 Rxc1 18. Qxc1 Nc8 19. Nb3 Nb6 20. Nc5 Qc7 21. Qc2 Rc8 22. Rc1 Be8 23. Qd2 Nxa4 24. Nb3 Nc3 25. Bf1 a4 26. Nc5 Ne4 27. Qb4 b6 28. Nxe6 Bxb4 29. Rxc7 Rxc7 30. Nxc7 a3 31. Nxd5 a2 32. Nxb4 a1=Q 0-1


[Site "https://www.chess.com"]

[Event "Titled Tuesday Blitz February 01 A 2022"]
[White "Santos Ruiz, Miguel"]
[Black "Salinas Herrera, Pablo"]
[WhiteFideId "22291482"]
[BlackFideId "3407128"]
[WhiteElo "2486"]
[BlackElo "2541"]
[Result "1-0"]
[Round "10"]
[TimeControl "180+1"]
[Date "2022.02.01"]
[WhiteClock "0:00:06"]
[BlackClock "0:00:02"]

1. e4 e5 2. Nf3 Nc6 3. Bc4 Bc5 4. d3 Nf6 5. Nc3 O-O 6. a3 a6 7. h3 Nd4 8. Nxd4 Bxd4 9. Qf3 c6 10. Bd2 d6 11. O-O Be6 12. Bxe6 fxe6 13. g3 Qe8 14. Qg2 Qg6 15. Rab1 Rf7 16. Ne2 Ba7 17. Kh2 d5 18. f4 Raf8 19. f5 exf5 20. exf5 Qh5 21. g4 Qh4 22. Qg3 Qxg3+ 23. Nxg3 h6 24. Rbe1 Re8 25. Re2 Rfe7 26. Kg2 Kf7 27. Rfe1 Bb8 28. Bb4 Rd7 29. Kf3 e4+ 30. dxe4 Bxg3 31. Kxg3 Nxe4+ 32. Kg2 b5 33. Bd2 Rde7 34. Bf4 c5 35. Kf3 g5 36. Bc1 Re5 37. b3 a5 38. c4 bxc4 39. bxc4 R5e7 40. cxd5 Nf6 41. d6 Rxe2 42. Rxe2 Rxe2 43. Kxe2 Ke8 44. Bb2 Ne4 45. Bg7 Nxd6 46. Bxh6 Ne4 47. Ke3 Nc3 48. Bxg5 Nb5 49. h4 Nxa3 50. h5 Nc4+ 51. Ke4 Kf7 52. h6 a4 53. Bc1 a3 54. Bxa3 Nxa3 55. g5 Nc4 56. g6+ Kf6 57. h7 Kg7 58. f6+ Kh8 59. f7 Nd6+ 60. Kd5 Nxf7 61. gxf7 Kg7 62. f8=Q+ Kxf8 63. h8=Q+ 1-0


[Site "https://www.chess.com"]

[Event "Titled Tuesday Blitz February 01 A 2022"]
[White "Savchenko, Boris"]
[Black "Andreikin, Dmitry"]
[WhiteFideId "4147332"]
[BlackFideId "4158814"]
[WhiteElo "2512"]
[BlackElo "2736"]
[Result "1-0"]
[Round "10"]
[TimeControl "180+1"]
[Date "2022.02.01"]
[WhiteClock "0:00:09"]
[BlackClock "0:00:01"]

1. e4 g6 2. d4 Bg7 3. Nc3 d6 4. Bg5 a6 5. f4 b5 6. Nf3 b4 7. Nd5 Bb7 8. Bc4 Nf6 9. Qe2 O-O 10. O-O Nbd7 11. a3 bxa3 12. Rxa3 Rb8 13. Nc3 c5 14. d5 Nb6 15. Bxa6 Bxa6 16. Rxa6 Nfd7 17. f5 Qe8 18. fxg6 fxg6 19. Nd1 Rf7 20. c3 Nf6 21. Nf2 Nbd7 22. Rfa1 h6 23. Bxf6 Nxf6 24. g3 Qb5 25. Qxb5 Rxb5 26. R1a2 Nxe4 27. Ra8+ Bf8 28. Nxe4 Rxf3 29. Re8 Kg7 30. Kg2 Rf5 31. g4 Rxd5 32. c4 Re5 33. cxb5 Rxe4 34. b6 Rb4 35. Raa8 Rxb2+ 36. Kf3 Rxb6 37. Rxf8 Rb3+ 38. Kg2 Rb4 39. Kg3 Rb3+ 40. Kg2 Rb4 41. Rf3 Rxg4+ 42. Kf2 Rh4 43. Ra7 Re4 44. Re3 Rxe3 45. Kxe3 Kf6 46. Ra8 d5 47. Ra6+ e6 48. Rc6 c4 49. Kd4 Kf5 50. Rc8 g5 51. Rf8+ Kg4 52. Rf6 h5 53. Rxe6 Kh3 54. Re5 Kxh2 55. Rxg5 h4 56. Rxd5 h3 57. Rg5 Kh1 58. Ke3 c3 59. Kf2 c2 60. Rc5 h2 61. Rc4 c1=N 62. Rxc1# 1-0


[Site "https://www.chess.com"]

[Event "Titled Tuesday Blitz February 01 A 2022"]
[White "Shimanov, Aleksandr"]
[Black "Caruana, Fabiano"]
[WhiteFideId "4198603"]
[BlackFideId "2020009"]
[WhiteElo "2636"]
[BlackElo "2744"]
[Result "0-1"]
[Round "10"]
[TimeControl "180+1"]
[Date "2022.02.01"]
[WhiteClock "0:00:02"]
[BlackClock "0:00:32"]

1. e4 c5 2. Nc3 e6 3. Nf3 a6 4. d4 cxd4 5. Nxd4 Qc7 6. Qf3 Bc5 7. Be3 Nf6 8. O-O-O d6 9. Qg3 O-O 10. Bh6 Ne8 11. h4 b5 12. Nb3 Bb6 13. h5 Kh8 14. Bf4 h6 15. e5 dxe5 16. Bxe5 Qa7 17. Ne4 Nc6 18. Bxg7+ Nxg7 19. Qf4 Nf5 20. g4 e5 21. Qd2 Ne3 22. Re1 Bxg4 23. fxe3 Rad8 24. Qf2 f5 25. Nc3 f4 26. Kb1 Bxe3 27. Qh4 Bf5 28. Rh2 Nd4 29. Nxd4 Qxd4 0-1


[Site "https://www.chess.com"]

[Event "Titled Tuesday Blitz February 01 A 2022"]
[White "Shimelkov, Vasiliy"]
[Black "Neiksans, Arturs"]
[WhiteFideId "13701630"]
[BlackFideId "11601388"]
[WhiteElo "2073"]
[BlackElo "2447"]
[Result "1/2-1/2"]
[Round "10"]
[TimeControl "180+1"]
[Date "2022.02.01"]
[WhiteClock "0:00:41"]
[BlackClock "0:00:06"]

1. d4 Nf6 2. c4 c5 3. d5 b5 4. cxb5 a6 5. bxa6 g6 6. Nc3 Bg7 7. Nf3 O-O 8. e4 Qa5 9. Bd2 Bxa6 10. Be2 Bxe2 11. Qxe2 Qa6 12. Qxa6 Nxa6 13. Ke2 Rfb8 14. Rab1 d6 15. a3 Rb3 16. Kd3 Rab8 17. Kc2 Nd7 18. Rhe1 c4 19. Be3 Ndc5 20. Bxc5 Nxc5 21. Nd2 Rxb2+ 22. Rxb2 Rxb2+ 23. Kxb2 Nd3+ 24. Ka2 Nxe1 25. Kb2 Nd3+ 26. Kc2 Nxf2 27. Nxc4 Bxc3 28. Kxc3 Nxe4+ 29. Kb4 Kf8 30. a4 Ke8 31. a5 Kd7 32. Kb5 Nc3+ 33. Kb6 Nxd5+ 34. Kb7 Nb4 35. a6 Nxa6 36. Nb6+ Ke6 37. Kxa6 Ke5 38. Kb5 Kd4 39. Kc6 f5 40. Nd5 e6 41. Nf4 e5 42. Ne6+ Kd3 43. Kd5 e4 44. Nf4+ Ke3 45. g3 Kf3 46. Kxd6 e3 47. Ke5 e2 48. Nd3 Ke3 49. Ne1 Kf2 50. Nd3+ Kg1 51. h4 Kg2 52. Kf4 Kf1 53. Kg5 e1=Q 54. Nxe1 Kxe1 55. Kh6 Kf2 56. Kxh7 Kxg3 57. Kxg6 f4 58. h5 f3 59. h6 f2 60. h7 f1=Q 61. h8=Q Qf4 62. Qf6 Qxf6+ 63. Kxf6 1/2-1/2


[Site "https://www.chess.com"]